 Dungeon Crawl Stone Soup version 0.29.0-4-gdea44cf6ec (webtiles) character file.

Game seed: 18213341360836063579

14214 qw the Brawler (level 11, -4/106 HPs)
             Began as a Troll Cinder Acolyte on Sept 2, 2022.
             Was an Initiate of Ignis.
             Slain by an entropy weaver (6 damage)
             ... in a Gauntlet.
             The game lasted 00:05:26 (8757 turns).

qw the Brawler (Troll Cinder Acolyte)               Turns: 8757, Time: 00:05:26

Health: -4/106     AC:  8    Str: 28    XL:     11   Next: 85%
Magic:  0/11       EV:  5    Int: 10    God:    Ignis [......]
Gold:   815        SH:  0    Dex: 11    Spells: 12/12 levels left

rFire   + . .      SeeInvis +     - Unarmed
rCold   . . .      Faith    .   (no shield)
rNeg    . . .      Spirit   +   h - +0 acid dragon scales
rPois   .          Reflect  .   (helmet restricted)
rElec   .          Harm     .   (no cloak)
rCorr   +          Rampage  .   (gloves unavailable)
Will    .....      NoTele   +   (boots unavailable)
Stlth   +.........              m - amulet of guardian spirit
HPRegen 1.07/turn               o - ring of see invisible
MPRegen 0.12/turn               n - +6 ring of dexterity

@: lethally poisoned (-4 -> -24), held
A: large, unfitting armour, claws 3, regeneration 1, shaggy fur 1, tough skin 1,
antennae 1
a: Renounce Religion, Rising Flame


You were in a Gauntlet.
You worshipped Ignis.
Ignis was noncommittal.
You visited 2 branches of the dungeon, and saw 11 of its levels.
You also visited: Ossuary and Gauntlet.

You collected 1015 gold pieces.
You spent 200 gold pieces at shops.


Innate Abilities, Weirdness & Mutations

You are too large for most types of armour.
You have claws for hands.
Your natural rate of healing is unusually fast.
You are covered in fur. (AC +1)
You have tough skin. (AC +1)
You have a pair of small antennae on your head.


   Skills:
 - Level 6.3 Fighting
 - Level 6.1 Throwing
 - Level 2.1 Armour
 - Level 4.1 Dodging
 + Level 15.7 Unarmed Combat
 - Level 1.0 Spellcasting
 - Level 2.1 Fire Magic


You had 12 spell levels left.
You didn't know any spells.
Your spell library contained the following spells:

 Spells                   Type           Power      Damage    Failure   Level
 Scorch                   Fire           8%         2d5       26%         2

Inventory:

Missiles
 k - 2 boomerangs
 q - 4 large rocks (quivered)
Armour
 h - +0 acid dragon scales (worn)
Jewellery
 i - a ring of resist corrosion
 m - an amulet of guardian spirit (around neck)
 n - a +6 ring of dexterity (right claw)
 o - a ring of see invisible (left claw)
Scrolls
 f - 5 scrolls of identify
 g - 3 scrolls of enchant weapon
 l - 4 scrolls of teleportation
Potions
 a - a potion of cancellation
 b - 3 potions of might
 c - 4 potions of curing
 d - 4 potions of resistance
 e - 2 potions of heal wounds
 j - 4 potions of mutation
 s - a potion of haste

Dungeon Overview and Level Annotations

Branches:
Dungeon (10/15)            Temple (0/1) D:4            Lair (1/5) D:10
Ossuary (visited)         Gauntlet (1/1)
    Orc: D:9-12

Altars:
Cheibriados
Dithmenos
Elyvilon
Nemelex Xobeh
Okawaru
Ru
Uskayaw

Shops:
D:2 (   D:6 *

Annotations:
Gauntlet 13 transporters, 21 runed translucent doors


Message History

The jumping spider closely misses you. The jumping spider bites you.
The jumping spider pounces on you!
You are caught in a web!
The jumping spider barely misses you. The wolf spider hits you.
The wolf spider barely misses you.
The entropy weaver hits you but does no damage.
The entropy weaver hits you! The entropy weaver barely misses you.
The entropy weaver hits you!
8755 ||| DRINKING 5 potions of heal wounds.
You feel much better.
You feel very sick. The jumping spider barely misses you.
The jumping spider bites you.
The wolf spider hits you but does no damage.
The wolf spider bites you but does no damage.
The jumping spider barely misses you.
The jumping spider bites you but does no damage.
The jumping spider pounces on you but does no damage.
The jumping spider bites you but does no damage.
The entropy weaver points at you and mumbles some strange words.
The wolf spider hits you! The wolf spider bites you.
You are lethally poisoned!
The wolf spider poisons you!
The jumping spider leaps!
8756 ||| DRINKING 4 potions of heal wounds.
You feel much better.
You feel extremely sick. The jumping spider barely misses you.
The jumping spider bites you but does no damage.
The wolf spider hits you. The wolf spider bites you.
The jumping spider leaps!
The entropy weaver hits you. x2
The entropy weaver completely misses you.
The entropy weaver hits you but does no damage.
8757 ||| DRINKING 3 potions of heal wounds.
You feel much better.
You feel extremely sick. The jumping spider pounces on you!
You are even more entangled.
The jumping spider bites you but does no damage.
The wolf spider hits you. The wolf spider barely misses you.
The jumping spider leaps!
The entropy weaver hits you but does no damage.
The entropy weaver hits you! x3
You die...

#################################
.................................
.................................
##########.###########.##########
..=.^:!..#.#ss.=^|)..#.#Y..[^?[..
.#.....#.#.#s.##.##..#.#9##...##.
..#####..#.#B##.0.##.#.#9#.###.#.
..##.##..#.#.#..0..#.#.#..##.##..
....^....#.#.s.s@....#.#....^....
..##.##..#.#.#.sB..#.#.#..##.##..
..#####..#.#.##...##.#.#.#.###.#.
.#.....#.#.#..##.##..#.#.##...##.
......3*3#.#.........#.#.99......
#################################
...#^...........^...........^#¤¤~
...#############.################
#..............#.#¤¤8~~#^........


You could see an entropy weaver, a wolf spider and 2 jumping spiders.

Vanquished Creatures
  3 hydras (Lair:1)
  A fire crab (Gauntlet)
  Pikel (D:5)
  An ice statue (Gauntlet)
  Maggie (D:7)
  3 cane toads (Lair:1)
  A kobold demonologist (D:9)
  2 rime drakes
  4 komodo dragons
  A hornet (D:10)
  A troll (D:10)
  Grinder (D:3)
  2 shadows
  2 wraiths (D:10)
  9 yaks (Lair:1)
  2 fire bats (Gauntlet)
  2 wyverns
  2 steam dragons
  2 acid dragons (D:9)
  Duvessa (D:7)
  2 water moccasins
  2 sky beasts
  2 black bears
  2 orc warriors
  2 ogres
  2 ice beasts
  A centaur (D:10)
  4 wolves (Lair:1)
  2 lemures (D:5)
  3 phantoms
  5 bullfrogs
  2 kobold brigands
  2 scorpions
  10 wights
  Dowan (D:7)
  6 killer bees
  5 howler monkeys
  An electric eel (D:7)
  3 centaur zombies (Ossuary)
  5 orc priests
  4 hounds
  A gnoll bouda (D:6)
  A jelly (D:5)
  9 orc wizards
  6 iguanas
  7 mummies
  Robin (D:3)
  13 gnolls
  5 adders
  2 shadow imps (D:7)
  A white imp (D:8)
  An ufetubus (D:6)
  3 worms (D:2)
  3 dart slugs
  23 orcs
  9 endoplasms
  5 giant cockroaches
  5 hobgoblins
  11 jackals
  2 quokkas
  7 ball pythons
  8 bats
  2 frilled lizards
  20 goblins
  2 hobgoblin zombies (Ossuary)
  14 kobolds
  3 rats
272 creatures vanquished.

Vanquished Creatures (others)
  5 fungi
  9 plants
14 creatures vanquished.

Grand Total: 286 creatures vanquished

Notes
Turn   | Place    | Note
-------+----------+-------------------------------------------
     0 | D:1      | qw the Troll Cinder Acolyte began the quest for the Orb.
     0 | D:1      | Reached XP level 1. HP: 22/22 MP: 1/1
     0 | D:1      | 0 ||| qw: Version: 0.1-a-97-g2dd2ca4
     0 | D:1      | 0 ||| qw: Game counter: 4914
     0 | D:1      | 0 ||| qw: Always use a shield: true
     0 | D:1      | 0 ||| qw: God list: Okawaru
     0 | D:1      | 0 ||| qw: Allow faded altars: false
     0 | D:1      | 0 ||| qw: Do Orc after D:15 true
     0 | D:1      | 0 ||| qw: Do second Lair branch before Depths: true
     0 | D:1      | 0 ||| qw: Lair rune preference: random
     0 | D:1      | 0 ||| qw: Plans: Normal
     0 | D:1      | 0 ||| PLANNING D:1-11
    82 | D:1      | Reached XP level 2. HP: 29/29 MP: 2/2
    96 | D:1      | 96 ||| Stepping ~*~*~tactically~*~*~ (stealth).
   157 | D:1      | 157 ||| Stepping ~*~*~tactically~*~*~ (stealth).
   175 | D:1      | 175 ||| Stepping ~*~*~tactically~*~*~ (stealth).
   182 | D:1      | 182 ||| Stepping ~*~*~tactically~*~*~ (stealth).
   183 | D:1      | 183 ||| Stepping ~*~*~tactically~*~*~ (stealth).
   194 | D:1      | 194 ||| Stepping ~*~*~tactically~*~*~ (stealth).
   201 | D:1      | 201 ||| Stepping ~*~*~tactically~*~*~ (stealth).
   202 | D:1      | 202 ||| Stepping ~*~*~tactically~*~*~ (stealth).
   212 | D:1      | Reached skill level 4 in Unarmed Combat
   247 | D:1      | Reached XP level 3. HP: 36/36 MP: 3/3
   247 | D:1      | 247 ||| Stepping ~*~*~tactically~*~*~ (stealth).
   434 | D:1      | 434 ||| READING scroll labelled FUNIHE WAVO.
   435 | D:1      | 435 ||| READING scroll labelled JAX SESUNKU.
   436 | D:1      | 436 ||| READING scroll labelled TUNNEI UTRIU.
   437 | D:1      | 437 ||| DRINKING 2 fuming silvery potions.
   438 | D:1      | 438 ||| DRINKING 2 bubbling white potions.
   469 | D:2      | 469 ||| Stepping ~*~*~tactically~*~*~ (stealth).
   491 | D:2      | 491 ||| Stepping ~*~*~tactically~*~*~ (stealth).
   544 | D:2      | Found Esaulior's Weapon Emporium.
   717 | D:2      | 717 ||| Stepping ~*~*~tactically~*~*~ (stealth).
   719 | D:2      | 719 ||| Stepping ~*~*~tactically~*~*~ (stealth).
   724 | D:2      | 724 ||| Stepping ~*~*~tactically~*~*~ (stealth).
   859 | D:2      | 859 ||| Stepping ~*~*~tactically~*~*~ (hiding).
   862 | D:2      | Reached skill level 5 in Unarmed Combat
   862 | D:2      | Reached XP level 4. HP: 35/44 MP: 4/4
   863 | D:2      | 863 ||| INVOKING Fiery Armour.
   891 | D:2      | 891 ||| Stepping ~*~*~tactically~*~*~ (stealth).
   895 | D:2      | 895 ||| Stepping ~*~*~tactically~*~*~ (stealth).
  1206 | D:2      | 1206 ||| READING scroll labelled SAMYHIYNED.
  1211 | D:2      | 1211 ||| READING scroll labelled XOSAXA YDEONAT.
  1212 | D:2      | 1212 ||| READING 3 scrolls labelled DIURECS USHROR.
  1213 | D:2      | 1213 ||| READING 2 scrolls of identify.
  1213 | D:2      | 1213 ||| IDENTIFYING grey potion
  1214 | D:2      | 1214 ||| DROPPING potion of degeneration.
  1246 | D:3      | 1246 ||| STAIRDANCE
  1261 | D:3      | 1261 ||| STAIRDANCE
  1267 | D:2      | Reached XP level 5. HP: 36/50 MP: 5/5
  1375 | D:3      | 1375 ||| Stepping ~*~*~tactically~*~*~ (stealth).
  1379 | D:3      | 1379 ||| Stepping ~*~*~tactically~*~*~ (stealth).
  1385 | D:3      | 1385 ||| Stepping ~*~*~tactically~*~*~ (stealth).
  1399 | D:3      | 1399 ||| Stepping ~*~*~tactically~*~*~ (stealth).
  1405 | D:3      | Noticed Robin
  1406 | D:3      | 1406 ||| Stepping ~*~*~tactically~*~*~ (hiding).
  1412 | D:3      | 1412 ||| INVOKING Fiery Armour.
  1426 | D:3      | Killed Robin
  1427 | D:3      | Reached skill level 6 in Unarmed Combat
  1427 | D:3      | 1427 ||| Stepping ~*~*~tactically~*~*~ (outnumbered).
  1792 | D:3      | 1792 ||| INVOKING Fiery Armour.
  1908 | D:3      | Noticed Grinder
  1909 | D:3      | 1909 ||| Stepping ~*~*~tactically~*~*~ (stealth).
  1910 | D:3      | Paralysed by Grinder for 5 turns
  1917 | D:3      | Paralysed by Grinder for 5 turns
  1926 | D:3      | Killed Grinder
  1927 | D:3      | Reached skill level 7 in Unarmed Combat
  1927 | D:3      | Reached XP level 6. HP: 43/59 MP: 6/6
  1978 | D:3      | Found a faded altar of an unknown god.
  2069 | D:3      | Found a shadowy altar of Dithmenos.
  2135 | D:3      | 2135 ||| READING scroll labelled TUGAXK JYPEQO.
  2136 | D:3      | 2136 ||| READING scroll labelled ICLYAL DAIFF.
  2199 | D:4      | 2199 ||| PLANNING OSSUARY
  2250 | D:4      | 2250 ||| READING scroll labelled ALUREB MYCW.
  2251 | D:4      | 2251 ||| READING 4 scrolls of teleportation.
  2257 | D:4      | 2257 ||| Stepping ~*~*~tactically~*~*~ (stealth).
  2259 | D:4      | 2259 ||| Stepping ~*~*~tactically~*~*~ (stealth).
  2265 | D:4      | 2265 ||| Stepping ~*~*~tactically~*~*~ (stealth).
  2356 | D:4      | 2356 ||| Stepping ~*~*~tactically~*~*~ (stealth).
  2372 | D:4      | Reached skill level 8 in Unarmed Combat
  2377 | D:4      | Found a staircase to the Ecumenical Temple.
  2393 | D:4      | 2393 ||| INVOKING Fiery Armour.
  2394 | D:4      | Reached skill level 3 in Fighting
  2394 | D:4      | Reached XP level 7. HP: 24/67 MP: 7/7
  2505 | D:4      | Found a sand-covered staircase.
  2506 | D:4      | 2506 ||| READING 2 scrolls of identify.
  2506 | D:4      | 2506 ||| IDENTIFYING fizzy blue potion
  2507 | D:4      | 2507 ||| DROPPING potion of attraction.
  2519 | Ossuary  | Entered an ossuary
  2524 | Ossuary  | 2524 ||| INVOKING Fiery Armour.
  2525 | Ossuary  | 2525 ||| Stepping ~*~*~tactically~*~*~ (outnumbered).
  2527 | Ossuary  | 2527 ||| Stepping ~*~*~tactically~*~*~ (outnumbered).
  2529 | Ossuary  | 2529 ||| Stepping ~*~*~tactically~*~*~ (outnumbered).
  2726 | Ossuary  | 2726 ||| READING scroll labelled NEAHADGHOENN.
  2727 | Ossuary  | 2727 ||| DRINKING 4 glowing silvery potions.
  2727 | Ossuary  | Gained mutation: You have a pair of small antennae on your
                  | head. [potion of mutation]
  2733 | D:4      | 2733 ||| PLANNING D:1-11
  2943 | D:4      | 2943 ||| READING 2 scrolls of identify.
  2943 | D:4      | 2943 ||| IDENTIFYING smoky amethyst potion
  2972 | D:5      | Entered Level 5 of the Dungeon
  2978 | D:5      | Reached skill level 9 in Unarmed Combat
  2982 | D:5      | Noticed Pikel
  2983 | D:5      | 2983 ||| INVOKING Fiery Armour.
  2993 | D:5      | 2993 ||| Stepping ~*~*~tactically~*~*~ (outnumbered).
  2994 | D:5      | 2994 ||| Stepping ~*~*~tactically~*~*~ (outnumbered).
  2995 | D:5      | 2995 ||| Stepping ~*~*~tactically~*~*~ (outnumbered).
  3008 | D:5      | Killed Pikel
  3009 | D:5      | Reached XP level 8. HP: 64/75 MP: 8/8
  3012 | D:5      | 3012 ||| DRINKING 4 potions of curing.
  3012 | D:5      | 3012 ||| (to cure confusion)
  3013 | D:5      | 3013 ||| DRINKING 3 potions of curing.
  3013 | D:5      | 3013 ||| (to cure confusion)
  3150 | D:5      | 3150 ||| Stepping ~*~*~tactically~*~*~ (hiding).
  3154 | D:5      | 3154 ||| Stepping ~*~*~tactically~*~*~ (outnumbered).
  3163 | D:5      | 3163 ||| INVOKING Fiery Armour.
  3164 | D:5      | HP: 15/75 [orc priest/divine providence (15)]
  3165 | D:5      | 3165 ||| READING 4 scrolls of teleportation.
  3166 | D:5      | 3166 ||| DRINKING 4 potions of heal wounds.
  3196 | D:5      | Reached skill level 10 in Unarmed Combat
  3234 | D:5      | Found a hide-covered altar of Uskayaw.
  3397 | D:5      | 3397 ||| Stepping ~*~*~tactically~*~*~ (stealth).
  3399 | D:5      | 3399 ||| Stepping ~*~*~tactically~*~*~ (hiding).
  3404 | D:5      | 3404 ||| Stepping ~*~*~tactically~*~*~ (hiding).
  3411 | D:5      | 3411 ||| Stepping ~*~*~tactically~*~*~ (outnumbered).
  3412 | D:5      | 3412 ||| Stepping ~*~*~tactically~*~*~ (outnumbered).
  3413 | D:5      | 3413 ||| Stepping ~*~*~tactically~*~*~ (outnumbered).
  3414 | D:5      | 3414 ||| Stepping ~*~*~tactically~*~*~ (outnumbered).
  3416 | D:5      | 3416 ||| Stepping ~*~*~tactically~*~*~ (hiding).
  3560 | D:5      | Found an iron altar of Okawaru.
  3649 | D:5      | 3649 ||| UPGRADING to ring of resist corrosion.
  3650 | D:5      | 3650 ||| READING 2 scrolls of identify.
  3650 | D:5      | 3650 ||| IDENTIFYING purple potion
  3651 | D:5      | 3651 ||| DROPPING potion of brilliance.
  3682 | D:6      | Reached XP level 9. HP: 81/84 MP: 9/9
  3788 | D:6      | Found Itruihemp's CLEARANCE SALE!.
  3792 | D:6      | 3792 ||| BUYING +6 ring of dexterity (180 gold).
  3792 | D:6      | Bought a +6 ring of dexterity for 180 gold pieces
  3792 | D:6      | 3792 ||| BUYING 2 scrolls of identify (20 gold).
  3792 | D:6      | Bought 2 scrolls of identify for 20 gold pieces
  3829 | D:6      | 3829 ||| FLEEEEING.
  3831 | D:6      | 3831 ||| FLEEEEING.
  3832 | D:6      | 3832 ||| FLEEEEING.
  3833 | D:6      | 3833 ||| FLEEEEING.
  3834 | D:6      | 3834 ||| FLEEEEING.
  3835 | D:6      | 3835 ||| Stepping ~*~*~tactically~*~*~ (hiding).
  3882 | D:6      | 3882 ||| Stepping ~*~*~tactically~*~*~ (stealth).
  3894 | D:6      | 3894 ||| Stepping ~*~*~tactically~*~*~ (stealth).
  3895 | D:6      | 3895 ||| Stepping ~*~*~tactically~*~*~ (stealth).
  3931 | D:6      | 3931 ||| STAIRDANCE
  3934 | D:5      | 3934 ||| UPGRADING to amulet of guardian spirit.
  3939 | D:5      | 3939 ||| DROPPING ring of resist corrosion.
  3940 | D:5      | 3940 ||| UPGRADING to +6 ring of dexterity.
  3941 | D:5      | 3941 ||| READING 3 scrolls of identify.
  3941 | D:5      | 3941 ||| IDENTIFYING lumpy sapphire potion
  3942 | D:5      | 3942 ||| DROPPING potion of magic.
  3945 | D:6      | 3945 ||| Stepping ~*~*~tactically~*~*~ (stealth).
  3947 | D:6      | 3947 ||| STAIRDANCE
  3955 | D:6      | 3955 ||| STAIRDANCE
  3968 | D:6      | 3968 ||| STAIRDANCE
  3981 | D:6      | 3981 ||| STAIRDANCE
  3983 | D:5      | 3983 ||| Stepping ~*~*~tactically~*~*~ (outnumbered).
  3984 | D:5      | 3984 ||| Stepping ~*~*~tactically~*~*~ (outnumbered).
  3987 | D:5      | Reached skill level 11 in Unarmed Combat
  3997 | D:6      | 3997 ||| STAIRDANCE
  4189 | D:6      | Found a sacrificial altar of Ru.
  4447 | D:6      | 4447 ||| READING scroll labelled YNAKKIRI QUELA.
  4447 | D:6      | Identified a scroll of acquirement
  4447 | D:6      | 4447 ||| ACQUIRING 284 gold pieces
  4447 | D:6      | Acquired 284 gold pieces
  4449 | D:6      | 4449 ||| READING scroll labelled ACVABE CIUWI.
  4450 | D:6      | 4450 ||| READING scroll labelled ROONIT RUARE.
  4474 | D:7      | 4474 ||| STAIRDANCE
  4486 | D:7      | Noticed Duvessa
  4487 | D:7      | 4487 ||| STAIRDANCE
  4501 | D:7      | Killed Duvessa
  4502 | D:7      | 4502 ||| STAIRDANCE
  4519 | D:7      | Noticed Dowan
  4522 | D:7      | Killed Dowan
  4665 | D:7      | Noticed Maggie
  4666 | D:7      | 4666 ||| Stepping ~*~*~tactically~*~*~ (hiding).
  4669 | D:7      | 4669 ||| Stepping ~*~*~tactically~*~*~ (hiding).
  4670 | D:7      | 4670 ||| Stepping ~*~*~tactically~*~*~ (hiding).
  4682 | D:7      | Killed Maggie
  4683 | D:7      | Reached skill level 12 in Unarmed Combat
  4700 | D:7      | 4700 ||| FLEEEEING.
  4701 | D:7      | 4701 ||| FLEEEEING.
  4708 | D:7      | 4708 ||| STAIRDANCE
  4727 | D:6      | 4727 ||| UPGRADING to +0 acid dragon scales.
  4737 | D:6      | 4737 ||| REMOVING ring of resist corrosion.
  4738 | D:6      | 4738 ||| DROPPING +0 robe.
  4739 | D:6      | 4739 ||| READING 3 scrolls of identify.
  4739 | D:6      | 4739 ||| IDENTIFYING fuming green potion
  4740 | D:6      | 4740 ||| DROPPING potion of flight.
  4757 | D:7      | 4757 ||| FLEEEEING.
  4758 | D:7      | 4758 ||| FLEEEEING.
  4861 | D:7      | Reached skill level 1 in Armour
  4890 | D:7      | Found a sparkling altar of Nemelex Xobeh.
  5327 | D:7      | 5327 ||| READING scroll labelled QUFOLA EVEA.
  5328 | D:7      | 5328 ||| READING scroll labelled ROYMOTA BUCUS.
  5439 | D:8      | 5439 ||| FLEEEEING.
  5440 | D:8      | 5440 ||| FLEEEEING.
  5441 | D:8      | 5441 ||| FLEEEEING.
  5442 | D:8      | 5442 ||| FLEEEEING.
  5443 | D:8      | 5443 ||| FLEEEEING.
  5444 | D:8      | 5444 ||| STAIRDANCE
  5453 | D:7      | 5453 ||| READING 2 scrolls of identify.
  5453 | D:7      | 5453 ||| IDENTIFYING fuming purple potion
  5456 | D:8      | 5456 ||| STAIRDANCE
  5458 | D:7      | 5458 ||| Stepping ~*~*~tactically~*~*~ (outnumbered).
  5459 | D:7      | 5459 ||| Stepping ~*~*~tactically~*~*~ (outnumbered).
  5460 | D:7      | 5460 ||| Stepping ~*~*~tactically~*~*~ (outnumbered).
  5461 | D:7      | 5461 ||| Stepping ~*~*~tactically~*~*~ (outnumbered).
  5462 | D:7      | 5462 ||| Stepping ~*~*~tactically~*~*~ (outnumbered).
  5468 | D:7      | Reached XP level 10. HP: 80/96 MP: 10/10
  5490 | D:8      | 5490 ||| STAIRDANCE
  5578 | D:8      | Found a snail-covered altar of Cheibriados.
  5721 | D:8      | 5721 ||| INVOKING Fiery Armour.
  5749 | D:8      | Reached skill level 13 in Unarmed Combat
  6044 | D:8      | 6044 ||| READING 3 scrolls of teleportation.
  6139 | D:9      | Reached skill level 1 in Throwing
  6180 | D:9      | 6180 ||| INVOKING Fiery Armour.
  6288 | D:9      | 6288 ||| Stepping ~*~*~tactically~*~*~ (hiding).
  6643 | D:9      | 6643 ||| Stepping ~*~*~tactically~*~*~ (outnumbered).
  6700 | D:9      | 6700 ||| UPGRADING to ring of see invisible.
  6701 | D:9      | 6701 ||| DROPPING +6 ring of intelligence.
  6702 | D:9      | 6702 ||| DRINKING 2 bubbling brown potions.
  6703 | D:9      | 6703 ||| READING 5 scrolls of identify.
  6703 | D:9      | 6703 ||| IDENTIFYING inky potion
  6704 | D:9      | 6704 ||| DROPPING potion of ambrosia.
  6739 | D:10     | Entered Level 10 of the Dungeon
  6845 | D:10     | Reached skill level 3 in Throwing
  7147 | D:10     | 7147 ||| Stepping ~*~*~tactically~*~*~ (stealth).
  7148 | D:10     | 7148 ||| Stepping ~*~*~tactically~*~*~ (stealth).
  7173 | D:10     | 7173 ||| Stepping ~*~*~tactically~*~*~ (outnumbered).
  7179 | D:10     | 7179 ||| Stepping ~*~*~tactically~*~*~ (outnumbered).
  7293 | D:10     | Found a staircase to the Lair.
  7294 | D:10     | 7294 ||| Stepping ~*~*~tactically~*~*~ (stealth).
  7299 | D:10     | 7299 ||| Stepping ~*~*~tactically~*~*~ (stealth).
  7304 | D:10     | 7304 ||| INVOKING Fiery Armour.
  7310 | D:10     | 7310 ||| FLEEEEING.
  7313 | D:10     | 7313 ||| Stepping ~*~*~tactically~*~*~ (outnumbered).
  7314 | D:10     | 7314 ||| Stepping ~*~*~tactically~*~*~ (outnumbered).
  7315 | D:10     | 7315 ||| Stepping ~*~*~tactically~*~*~ (outnumbered).
  7316 | D:10     | 7316 ||| Stepping ~*~*~tactically~*~*~ (outnumbered).
  7317 | D:10     | 7317 ||| Stepping ~*~*~tactically~*~*~ (outnumbered).
  7318 | D:10     | 7318 ||| Stepping ~*~*~tactically~*~*~ (outnumbered).
  7319 | D:10     | 7319 ||| Stepping ~*~*~tactically~*~*~ (outnumbered).
  7323 | D:10     | Reached skill level 14 in Unarmed Combat
  7616 | D:10     | Reached XP level 11. HP: 104/104 MP: 11/11
  7634 | D:10     | Found a white marble altar of Elyvilon.
  7640 | D:10     | 7640 ||| PLANNING LAIR
  7737 | Lair:1   | Entered Level 1 of the Lair of Beasts
  7738 | Lair:1   | 7738 ||| PLANNING GAUNTLET
  7779 | Lair:1   | Noticed a five-headed hydra
  7780 | Lair:1   | 7780 ||| Stepping ~*~*~tactically~*~*~ (stealth).
  7782 | Lair:1   | 7782 ||| INVOKING Fiery Armour.
  7782 | Lair:1   | Noticed a six-headed hydra
  7787 | Lair:1   | Killed a seven-headed hydra
  7791 | Lair:1   | Killed an eight-headed hydra
  7792 | Lair:1   | Reached skill level 6 in Fighting
  7994 | Lair:1   | Noticed a five-headed hydra
  7995 | Lair:1   | 7995 ||| INVOKING Fiery Armour.
  8000 | Lair:1   | Killed a seven-headed hydra
  8001 | Lair:1   | Reached skill level 6 in Throwing
  8075 | Lair:1   | 8075 ||| Stepping ~*~*~tactically~*~*~ (outnumbered).
  8076 | Lair:1   | 8076 ||| Stepping ~*~*~tactically~*~*~ (outnumbered).
  8077 | Lair:1   | 8077 ||| Stepping ~*~*~tactically~*~*~ (outnumbered).
  8078 | Lair:1   | 8078 ||| Stepping ~*~*~tactically~*~*~ (outnumbered).
  8079 | Lair:1   | 8079 ||| Stepping ~*~*~tactically~*~*~ (outnumbered).
  8151 | Lair:1   | 8151 ||| Stepping ~*~*~tactically~*~*~ (stealth).
  8153 | Lair:1   | 8153 ||| Stepping ~*~*~tactically~*~*~ (stealth).
  8157 | Lair:1   | Found a gate leading to a gauntlet.
  8158 | Lair:1   | 8158 ||| READING 7 scrolls of identify.
  8158 | Lair:1   | 8158 ||| IDENTIFYING smoky dark potion
  8159 | Lair:1   | 8159 ||| DROPPING potion of lignification.
  8162 | Lair:1   | 8162 ||| Stepping ~*~*~tactically~*~*~ (stealth).
  8174 | Lair:1   | Reached skill level 15 in Unarmed Combat
  8225 | Gauntlet | Entered a Gauntlet
  8225 | Gauntlet | Found a transporter.
  8238 | Gauntlet | Found a transporter.
  8249 | Gauntlet | Found a transporter.
  8254 | Gauntlet | Found a transporter.
  8269 | Gauntlet | Found a transporter.
  8284 | Gauntlet | Noticed a dire elephant
  8288 | Gauntlet | Found a transporter.
  8296 | Gauntlet | Found a large runed translucent door.
  8297 | Gauntlet | Found a large runed translucent door.
  8298 | Gauntlet | Found a large runed translucent door.
  8298 | Gauntlet | Found a large runed translucent door.
  8299 | Gauntlet | Found a runed translucent gate.
  8300 | Gauntlet | Found a transporter.
  8300 | Gauntlet | Found a runed translucent gate.
  8301 | Gauntlet | Found a runed translucent gate.
  8302 | Gauntlet | Found a large runed translucent door.
  8302 | Gauntlet | Found a large runed translucent door.
  8303 | Gauntlet | Found a large runed translucent door.
  8304 | Gauntlet | Found a large runed translucent door.
  8309 | Gauntlet | Noticed a catoblepas
  8312 | Gauntlet | Found a transporter.
  8314 | Gauntlet | Found a large runed translucent door.
  8314 | Gauntlet | Found a large runed translucent door.
  8314 | Gauntlet | Found a runed translucent door.
  8314 | Gauntlet | Found a runed translucent door.
  8315 | Gauntlet | Found a large runed translucent door.
  8316 | Gauntlet | Found a large runed translucent door.
  8318 | Gauntlet | Found a transporter.
  8320 | Gauntlet | Found a transporter.
  8333 | Gauntlet | Noticed a wolf spider
  8334 | Gauntlet | Noticed an entropy weaver
  8337 | Gauntlet | Found a transporter.
  8343 | Gauntlet | Found a transporter.
  8345 | Gauntlet | Found a transporter.
  8360 | Gauntlet | Noticed a wretched star
  8362 | Gauntlet | Found a transporter.
  8379 | Gauntlet | Found a transporter.
  8398 | Gauntlet | Found a transporter.
  8418 | Gauntlet | Noticed a fire crab
  8423 | Gauntlet | Found a transporter.
  8444 | Gauntlet | Found the +9 staff of Olgreb {rPois∞}
  8445 | Gauntlet | Found a transporter.
  8521 | Gauntlet | Found a large runed translucent door.
  8521 | Gauntlet | Found a large runed translucent door.
  8522 | Gauntlet | Found a large runed translucent door.
  8523 | Gauntlet | Found a large runed translucent door.
  8622 | Gauntlet | 8622 ||| INVOKING Fiery Armour.
  8680 | Gauntlet | 8680 ||| READING 6 scrolls of identify.
  8680 | Gauntlet | 8680 ||| IDENTIFYING ruby potion
  8681 | Gauntlet | 8681 ||| DROPPING potion of invisibility.
  8698 | Gauntlet | 8698 ||| Stepping ~*~*~tactically~*~*~ (outnumbered).
  8700 | Gauntlet | 8700 ||| Stepping ~*~*~tactically~*~*~ (outnumbered).
  8706 | Gauntlet | Killed a fire crab
  8754 | Gauntlet | HP: 18/106 [entropy weaver (10)]
  8755 | Gauntlet | 8755 ||| DRINKING 5 potions of heal wounds.
  8756 | Gauntlet | 8756 ||| DRINKING 4 potions of heal wounds.
  8757 | Gauntlet | 8757 ||| DRINKING 3 potions of heal wounds.
  8757 | Gauntlet | HP: 2/106 [entropy weaver (10)]
  8757 | Gauntlet | Slain by an entropy weaver

Levels and vault maps discovered:
D:1:      amcnicky_arrival_double_pillar, layout_rooms, hex_tiny
D:2:      layout_loops_ring, serial_shops, nicolae_shop_trees,
          kennysheep_pointless_box, chequers_serial_rivers_micro_d
D:3:      layout_loops_corners, nicolae_dithmenos_through_a_glass_darkly,
          shapermc_ecumenical_altar_flowoftime, minmay_misc_feat_encased,
          serial_bayou_pond_b, uniq_grinder, uniq_robin
D:4:      layout_basic, minmay_temple_entry_mist, serial_glass, glass_columns_a,
          glass_columns_a, glass_columns_a, glass_columns_b,
          lightli_ossuary_entry_decrepit_ruins, solitary_fountain
D:5:      layout_cave_pools, kennysheep_mini, nicolae_uskayaw_dance_hall,
          hex_large, uniq_pikel
D:6:      layout_loops_cross, lemuel_coloured_pillars_altar,
          nicolae_shop_clearance
D:7:      layout_gridville, nemelex_dance_club_becter, lightli_minifort,
          uniq_maggie, uniq_duvessa
D:8:      layout_rooms, slow_altar_1
D:9:      layout_loops_cross
D:10:     layout_basic, mainiacjoe_overflow_alcove_1, erik_lair_dragon
Lair:1:   layout_regular_city, ebering_ghost_funeral_grove,
          gauntlet_entry_generic, grunt_megastairs_5
Gauntlet: gammafunk_gauntlet_one_two_three [gammafunk_gauntlet_arena_mazey,
          gammafunk_gauntlet_arena_chambers, gammafunk_gauntlet_arena_split_x,
          gammafunk_gauntlet_arena_crates, gammafunk_gauntlet_arena_open,
          minmay_gauntlet_arena_make_your_own_arena,
          gammafunk_gauntlet_arena_corners,
          gammafunk_gauntlet_arena_split_diamond, nicolae_gauntlet_arena_blocks,
          gauntlet_exit_green]

Skill      XL: |  1  2  3  4  5  6  7  8  9 10 11 |
---------------+----------------------------------+-----
Unarmed Combat | 4 5 7 8 9 10 12 14 15 | 15.7
Fighting       | 3 4 5 6 |  6.3
Dodging        | 4 |  4.1
Armour         | 1 2 |  2.1
Throwing       | 5 6 |  6.1
Spellcasting   | |  1.0
Fire Magic     | |  2.1

Action                   |  1- 3 |  4- 6 |  7- 9 | 10-12 || total
-------------------------+-------+-------+-------+-------++-------
Melee: Unarmed           |   106 |    99 |   261 |   216 ||   682
       Punch             |     2 |     2 |    13 |    20 ||    37
Throw: Large rock        |       |       |       |    24 ||    24
       Boomerang         |       |       |       |    13 ||    13
Invok: Fiery Armour      |       |     4 |     3 |     6 ||    13
  Use: Scroll            |     3 |     8 |    13 |     4 ||    28
       Potion            |     2 |       |     4 |     4 ||    10
Armor: Robe              |    25 |    47 |    64 |       ||   136
       Acid dragon scale |       |       |     9 |    94 ||   103
Dodge: Dodged            |    45 |    35 |   105 |    92 ||   277

Table legend:
 A = Non-vault XP
 B = Vault XP
 C = Vault XP percentage of total XP
 D = Non-vault monster count
 E = Vault monster count
 F = Vault count percentage of total count
                 A         B        C        D         E       F
            +---------+---------+-------+---------+---------+-------
      Total |   13717 |    6589 |  32.4 |     220 |      50 |  18.5
            +---------+---------+-------+---------+---------+-------
        D:1 |      52 |       0 |   0.0 |      29 |       0 |   0.0
        D:2 |     153 |       0 |   0.0 |      32 |       0 |   0.0
        D:3 |      69 |     316 |  82.1 |      10 |      16 |  61.5
        D:4 |     295 |       0 |   0.0 |      13 |       0 |   0.0
        D:5 |    1146 |     617 |  35.0 |      31 |       1 |   3.1
        D:6 |     783 |       0 |   0.0 |      18 |       0 |   0.0
        D:7 |     558 |     912 |  62.0 |       9 |       8 |  47.1
        D:8 |    1470 |      18 |   1.2 |      19 |       1 |   5.0
        D:9 |    1737 |       0 |   0.0 |      26 |       0 |   0.0
       D:10 |    1343 |    1459 |  52.1 |      12 |       5 |  29.4
     Lair:1 |    6111 |    1042 |  14.6 |      21 |       3 |  12.5
    Ossuary |       0 |     247 | 100.0 |       0 |      11 | 100.0
   Gauntlet |       0 |    1978 | 100.0 |       0 |       5 | 100.0
            +---------+---------+-------+---------+---------+-------
